 Dungeon Sprint DCSS version 0.23.2-1-ga50397a (webtiles) character file.

Game seed: 15573291286202957198

283 myga the Frost Mage (level 6, -10/50 HPs)
             Began as a Naga Ice Elementalist on May 2, 2019.
             Mangled by a yak (17 damage)
             ... in the Dungeon (Sprint I: "Red Sonja").
             The game lasted 00:05:09 (592 turns).

myga the Frost Mage (Naga Ice Elementalist)          Turns: 592, Time: 00:05:10

Health: -10/50     AC:  3    Str: 11    XL:     6   Next: 28%
Magic:  9/15       EV: 11    Int: 15    God:
Gold:   162        SH:  0    Dex: 13    Spells: 3/17 levels left

rFire    . . .     SeeInvis +   b - +0 club
rCold    . . .     Gourm    .   (no shield)
rNeg     . . .     Faith    .   a - +0 robe
rPois    +         Spirit   .   (no helmet)
rElec    .         Reflect  .   (no cloak)
rCorr    .         Harm     .   (no gloves)
MR       .....     NoTele   +   (no barding)
Stlth    +++.......             (no amulet)
HPRegen  0.16/turn              (no ring)
MPRegen  0.14/turn              (no ring)

@: very slightly contaminated, very slow
A: large, see invisible, deformed body, poison resistance, slowness 2, slow
metabolism 1, spit poison 1, AC +2
a: Spit Poison


You were in the Dungeon.
You were not hungry.

You visited 1 branch You collected 162 gold pieces.

Inventory:

Hand Weapons
 b - a +0 club (weapon)
Armour
 a - a +0 robe (worn)
Scrolls
 g - a scroll of enchant armour {unknown}
 i - a scroll of enchant weapon {unknown}
Potions
 d - a potion of curing
 e - a potion of heal wounds
 f - a potion of haste
 h - a potion of berserk rage
Comestibles
 c - a ration


   Skills:
 + Level 0.3 Fighting
 + Level 4.1 Dodging
 + Level 6.5 Stealth
 + Level 6.4 Spellcasting
 + Level 1.8 Conjurations
 + Level 0.6 Charms
 + Level 0.1 Summonings
 + Level 9.2 Ice Magic


You had 3 spell levels left.
You knew the following spells:

 Your Spells              Type           Power        Failure   Level  Hunger
a - Freeze                Ice            ####         1%          1    None
b - Throw Frost           Conj/Ice       ###...       2%          2    #......
c - Ozocubu's Armour      Chrm/Ice       ###.....     5%          3    ##.....
d - Summon Ice Beast      Ice/Summ       ###.....     21%         4    ####...
e - Throw Icicle          Conj/Ice       ###.....     14%         4    ####...

Your spell library contained the following spells:

 Spells                   Type           Power        Failure   Level  Hunger


Dungeon Overview and Level Annotations

Branches:
Dungeon (1/1)

Altars:
Elyvilon
Fedhas
Hepliaklqana
Kikubaaqudgha
Okawaru
Qazlal
Ru
Sif Muna
Trog
Uskayaw
Vehumet
Wu Jian
Zin
The Shining One

Shops:
D ?


Innate Abilities, Weirdness & Mutations

You cannot wear boots.
Your serpentine skin is tough. (AC +2)
You have supernaturally acute eyesight. (SInv)
Armour fits poorly on your strangely shaped body.
Your system is resistant to poisons. (rPois)
You cover ground very slowly.
You have a slow metabolism.
You can spit poison.


Message History

There is a radiant altar of Vehumet here.
As you open the door, it creaks loudly!
A yak comes into view.
The yak bellows!
Found Asing's Magic Scroll Emporium.
Found eight altars.
Found three altars.
Press: ? - help, Shift-Dir - straight line, f - yak
Aim: a yak The splash of poison hits the yak!
The yak is poisoned.
The yak is moderately wounded.
You feel slightly more hungry. The yak gores you!
* * * LOW HITPOINT WARNING * * *
Your ice beast hits the yak but does no damage.
The yak snorts and paws the ground.
Your ice beast hits the yak but does no damage.
The yak barely misses you.
Your ice beast hits the yak.
Your ice beast freezes the yak.
You have got your breath back.
The yak gores you!
You die...

################
#<.#..').#..'..#
#..'..#..').#..+
#..#####'#####'#
#..# #..# #.#
#.[#__#### ##@#
#..#_____##+#Y.+
#⌠⌠#_.∩...'..Y_#
#### ..__##_.#+#
_ ##+#


You could see a yak and a friendly ice beast.

Vanquished Creatures
  Sigmund (D)
  An ogre (D)
  Ijyb (D)
3 creatures vanquished.

Vanquished Creatures (collateral kills)
  A jelly (D)
1 creature vanquished.

Grand Total: 4 creatures vanquished

Notes
Turn   | Place    | Note
-------+----------+-------------------------------------------
     0 | D        | myga the Naga Ice Elementalist began the quest for the Orb.
     0 | D        | Reached XP level 1. HP: 15/15 MP: 3/3
     1 | D        | Noticed Ijyb
    15 | D        | Killed Ijyb
    15 | D        | Reached skill level 5 in Ice Magic
    15 | D        | Reached XP level 2. HP: 4/22 MP: 1/6
    15 | D        | Reached XP level 3. HP: 5/28 MP: 1/7
   271 | D        | Learned a level 2 spell: Throw Frost
   275 | D        | Learned a level 3 spell: Ozocubu's Armour
   281 | D        | Noticed an ogre
   288 | D        | Killed an ogre
   288 | D        | Reached skill level 5 in Stealth
   288 | D        | Reached skill level 7 in Ice Magic
   288 | D        | Reached XP level 4. HP: 28/36 MP: 0/10
   379 | D        | Noticed Sigmund
   401 | D        | Killed Sigmund
   401 | D        | Reached skill level 9 in Ice Magic
   401 | D        | Reached XP level 5. HP: 23/43 MP: 1/13
   401 | D        | Reached XP level 6. HP: 26/50 MP: 1/15
   550 | D        | Learned a level 4 spell: Summon Ice Beast
   555 | D        | Learned a level 4 spell: Throw Icicle
   571 | D        | Found a deep blue altar of Sif Muna.
   572 | D        | Found an ornate altar of the Wu Jian Council.
   573 | D        | Found a radiant altar of Vehumet.
   587 | D        | Found Asing's Magic Scroll Emporium.
   587 | D        | Found an ancient bone altar of Kikubaaqudgha.
   587 | D        | Found a stormy altar of Qazlal.
   587 | D        | Found a blossoming altar of Fedhas.
   587 | D        | Found a bloodstained altar of Trog.
   587 | D        | Found an iron altar of Okawaru.
   587 | D        | Found a glowing golden altar of the Shining One.
   587 | D        | Found a glowing silver altar of Zin.
   587 | D        | Found a white marble altar of Elyvilon.
   587 | D        | Noticed a yak
   588 | D        | Found a hazy altar of Hepliaklqana.
   588 | D        | Found a hide-covered altar of Uskayaw.
   588 | D        | Found a sacrificial altar of Ru.
   592 | D        | Mangled by a yak

Skill      XL: |  1  2  3  4 |
---------------+-------------+-----
Dodging        | 2 3 4 |  4.1
Spellcasting   | 3 4 6 |  6.4
Ice Magic      | 5 7 9 |  9.2
Stealth        | 5 6 |  6.5
Fighting       | |  0.3
Conjurations   | |  1.8
Charms         | |  0.6
Summonings     | |  0.1

Action                   |  1- 3 |  4- 6 || total
-------------------------+-------+-------++-------
Melee: Club              |       |     9 ||     9
 Cast: Freeze            |    10 |     1 ||    11
       Ozocubu's Armour  |     1 |     1 ||     2
       Throw Frost       |       |     2 ||     2
       Summon Ice Beast  |       |     1 ||     1
 Abil: Spit Poison       |     4 |     4 ||     8
  Use: Potion            |     2 |       ||     2
       Scroll            |     1 |       ||     1
Armor: Robe              |     1 |       ||     1
Dodge: Dodged            |     4 |     8 ||    12
